 Dungeon Crawl Stone Soup version 0.18-a0-1670-gb40d73e (webtiles) character file.

335419 xeno23 the Brawler (level 20, -3/196 HPs)
             Began as a Troll Chaos Knight on Mar 31, 2016.
             Slain by ShittyPlayer's ghost (22 damage)
             ... on level 5 of the Vaults on Apr 1, 2016.
             The game lasted 03:15:52 (36564 turns).

xeno23 the Brawler (Troll Chaos Knight)            Turns: 36564, Time: 03:15:53

Health: -3/196     AC: 10    Str: 33    XL:     20   Next: 96%
Magic:  31/31      EV: 21    Int: 19    God:    Xom [...*..]
Gold:   1976       SH: 32    Dex: 30    Spells: 4 memorised, 11 levels left

rFire  + + .     SeeInvis +       - Unarmed
rCold  + . .     Gourm    +     c - +1 troll leather armour of the Hills {+Blink rF+ Regen+ Int+4 Dex+4}
rNeg   . . .     Faith    .     p - +8 large shield of Inviolability {Dex+7}
rPois  +         Spirit   .     b - +3 hat of Ehuyhig {MR+ SInv}
rElec  .         Dismiss  .     D - +2 cloak of the Many Spirits {-Tele Dex+4 Slay+6}
rCorr  .         Reflect  .     (gloves unavailable)
SustAt .         Harm     .     (boots unavailable)
MR     +++..     NoTele   +     l - amulet of regeneration
Stlth  +++.......               Q - ring "Hodgh" {*Corrode rF+ rC+ Str+8 Dex+4}
                                C - ring of Etesegh {rPois MR+ MP+9 Int+3 Stlth+}

@: corroded, extremely resistant to hostile enchantments, fairly stealthy
A: unfitting armour, beak, claws 3, fast metabolism 3, gourmand, regeneration 2,
shaggy fur 1, tough skin 2
a: Renounce Religion, Evoke Blink
}: 2/15 runes: serpentine, barnacled


You were on level 5 of the Vaults.
You worshipped Xom.
You were a favourite toy of Xom.
You were completely stuffed.

You visited 6 branches of the dungeon, and saw 38 of its levels.
You visited 1 bazaar.
You also visited: Labyrinth, Ice Cave and Volcano.

You collected 6437 gold pieces.
You spent 4461 gold pieces at shops.

Inventory:

Missiles
 G - 7 throwing nets
 V - 30 large rocks (quivered)
Armour
 b - the +3 hat of Ehuyhig (worn) {MR+ SInv}
   (You found it in an ice cave)

   It affects your resistance to hostile enchantments.
   It lets you see invisible.
 c - the +1 troll leather armour of the Hills (worn) {+Blink rF+ Regen+ Int+4 Dex+4}
   (You acquired it on level 2 of the Orcish Mines)

   It affects your intelligence (+4).
   It affects your dexterity (+4).
   It protects you from fire.
   It lets you blink.
   It increases your rate of regeneration.
 p - the +8 large shield of Inviolability (worn) {Dex+7}
   (You took it off Louise on level 15 of the Dungeon)

   It affects your dexterity (+7).
 D - the +2 cloak of the Many Spirits (worn) {-Tele Dex+4 Slay+6}
   (You found it on level 5 of the Dungeon)

   It affects your dexterity (+4).
   It affects your accuracy and damage with ranged weapons and melee attacks
   (+6).
   It prevents most forms of teleportation.
Jewellery
 l - an amulet of regeneration (around neck)
 C - the ring of Etesegh (left claw) {rPois MR+ MP+9 Int+3 Stlth+}
   (You found it on level 12 of the Dungeon)

   [ring of poison resistance]

   It affects your intelligence (+3).
   It protects you from poison.
   It affects your resistance to hostile enchantments.
   It affects your magic capacity (+9).
   It makes you more stealthy.
 P - the ring "Jenaomal" {+Fly rF+}
   (You found it in a labyrinth)

   [ring of protection from fire]

   It protects you from fire.
   It lets you fly.
 Q - the ring "Hodgh" (right claw) {*Corrode rF+ rC+ Str+8 Dex+4}
   (You found it in a labyrinth)

   [ring of protection from fire]

   It affects your strength (+8).
   It affects your dexterity (+4).
   It protects you from fire.
   It protects you from cold.
   It may corrode you when you take damage.
Wands
 f - a wand of teleportation (6/9)
 w - a wand of digging (23/24)
 z - a wand of disintegration (7/24)
 B - a wand of heal wounds (0/9)
 F - a wand of iceblast (8/15)
Scrolls
 h - a scroll of blinking
 i - 2 scrolls of silence
 k - 11 scrolls of recharging
 m - 7 scrolls of fear
 n - 6 scrolls of immolation
 o - 14 scrolls of teleportation
 s - 6 scrolls of magic mapping
 v - 15 scrolls of remove curse
 y - 6 scrolls of enchant armour
 H - 6 scrolls of identify
 L - 4 scrolls of fog
 M - a scroll of summoning
 S - 10 scrolls of amnesia
Potions
 a - a potion of cancellation
 e - 17 potions of curing
 g - 3 potions of ambrosia
 j - 7 potions of might
 q - a potion of invisibility
 r - a potion of resistance
 x - 4 potions of heal wounds
 A - 4 potions of agility
 E - 4 potions of magic
 I - 4 potions of haste
 J - 5 potions of lignification
 K - a potion of brilliance
 R - 6 potions of berserk rage
 U - 2 potions of cure mutation
Miscellaneous
 d - a box of beasts {used: 3}
 N - a phial of floods
Comestibles
 t - 17 meat rations
 u - 3 slices of pizza
 T - a beef jerky
 X - 18 bread rations
 Y - 15 royal jellies
 Z - 63 fruits


   Skills:
 - Level 11.6 Fighting
 - Level 10.0 Throwing
 - Level 10.0 Dodging
 - Level 15.6 Shields
 - Level 17.1 Unarmed Combat
 * Level 2.5 Spellcasting
 - Level 5.1 Translocations
 + Level 10.8 Transmutations
 + Level 12.4 Earth Magic
 - Level 5.1 Evocations


You had 11 spell levels left.
You knew the following spells:

 Your Spells              Type           Power        Failure   Level  Hunger
c - Passwall              Trmt/Erth      #####.....   1%          2    ##.....
q - Statue Form           Trmt/Erth      #####....    24%         6    #######
v - Apportation           Tloc           ###.......   2%          1    #......
w - Petrify               Trmt/Erth      #####...     1%          4    #####..


Dungeon Overview and Level Annotations

Branches:
Dungeon (15/15)            Temple (0/1) D:4            Lair (8/8) D:10
 Shoals (4/4) Lair:6        Snake (4/4) Lair:3        Slime (0/6) Lair:8
    Orc (2/2) D:9             Elf (0/3) Orc:2        Vaults (5/5) D:14
  Crypt (0/3) Vaults:3     Depths (0/5) D:15

Altars:
Dithmenos
Elyvilon
Makhleb
Nemelex Xobeh
Okawaru
Pakellas
Qazlal
Xom
Yredelemnul
The Shining One

Shops:
D:5 *   D:9 }   Orc:2 *[}?!   Snake:2 *   Vaults:4 ?

Annotations:
Vaults:5 ShittyPlayer's ghost, adept DsBe


Innate Abilities, Weirdness & Mutations

You are too large for most types of armour.
You have claws for hands.
Your metabolism is lightning-fast.
You like to eat raw meat.
You heal very quickly.
You are covered in fur (AC +1).
You have very tough skin (AC +2).
You have a beak for a mouth.


Message History

The fiery explosion engulfs the vault guard.
The vault guard explodes!
The fiery explosion engulfs you! You resist.
* * * LOW HITPOINT WARNING * * *
The fiery explosion engulfs the vault guard.
The vault guard explodes!
The fiery explosion engulfs the vault guard.
The vault guard explodes!
The fiery explosion engulfs ShittyPlayer's ghost.
ShittyPlayer's ghost resists.
ShittyPlayer's ghost is moderately damaged.
The fiery explosion engulfs you! You resist.
* * * LOW HITPOINT WARNING * * *
The fiery explosion engulfs you! You resist.
You die... "Hey, that's my teddy bear!"
Xom revives you! ShittyPlayer's ghost hits you!!
You die...
Xom snickers!

#....# .. .
#.%..# .... ..
#...%# #.%.. D%.
#..%.##%%..
....#§§§§#ccc#
.....§§§§§.c#
###.%.§§§§.#####
....§§§§§§§%%%..
...C§§pW@§§.%..%
....§§c§§§§.....
..%..c§§§§....%.
###.DC§§.%.#####
..........%
#...#....#%%.
.%..#....##.%.
.. #....# #...


You could see an iron dragon, a frost giant, a stone giant, 3 yaktaur captains,
a vault guard (inner flame), 3 yaktaurs and ShittyPlayer's ghost (inner flame).

Vanquished Creatures
  Mara (Vaults:3)
  Nikola (Vaults:3)
  Rupert (D:14)
  An Ice Fiend (IceCv)
  2 liches
  Polyphemus (Shoals:4)
  Frances (Shoals:2)
  A kraken (Shoals:2)
  A sphinx (Vaults:3)
  Kirke (D:12)
  Ilsuiw (Shoals:4)
  8 greater nagas
  Aizul (Snake:3)
  Donald (D:14)
  9 vault wardens
  2 fire giants (Vaults:1)
  5 frost giants
  Louise (D:15)
  11 ironheart preservers
  The ghost of Avack the Summoner, a journeyman DgSu (Snake:1)
  A ghoul (Vaults:3)
  A war gargoyle (Vaults:3)
  A vampire knight (Vaults:3)
  A salamander stormcaller (Vaults:4)
  3 very ugly things
  3 stone giants
  A deep elf annihilator (Vaults:1)
  Azrael (Orc:2)
  An ettin (Vaults:3)
  4 merfolk javelineers
  2 deep elf death magi
  3 fire dragons
  26 vault guards
  Snorg (Orc:1)
  3 great orbs of eyes
  11 merfolk impalers (Shoals:4)
  2 minotaurs
  2 ice dragons
  6 yaktaur captains
  2 rakshasas
  A catoblepas (Shoals:4)
  4 hydras
  10 naga warriors
  12 ogre magi
  6 centaur warriors
  4 anacondas
  Erica (Orc:1)
  2 alligator snapping turtles
  A death knight (Vaults:3)
  A hell hog (Vaults:3)
  2 merfolk aquamancers
  A satyr (Shoals:4)
  20 death yaks
  3 deep troll earth magi
  A queen ant (Lair:1)
  11 shock serpents
  2 deep elf knights
  12 naga sharpshooters
  Sonja (Lair:1)
  12 skeletal warriors
  2 salamander mystics
  A fire crab (Vaults:2)
  6 sea snakes
  7 unseen horrors
  A flayed ghost (Vaults:1)
  A death drake (Shoals:4)
  6 deep trolls (Vaults:3)
  4 naga ritualists
  A giant orange brain (D:13)
  5 orc knights
  A phantasmal warrior (Vaults:3)
  A lindwurm (Volcano)
  7 hill giants
  2 wizards
  5 deep elf archers
  12 ironbrand convokers
  2 necromancers
  17 harpies
  9 mana vipers
  4 cyclopes
  2 hornets (Vaults:1)
  36 ugly things
  11 griffons
  An oklob plant (Lair:6)
  4 wolf spiders
  7 deep elf magi
  6 fauns
  12 salamanders
  8 manticores
  2 orc sorcerers (D:15)
  A toenail golem (Volcano)
  18 elephants
  29 black mambas
  4 centaur zombies
  27 naga magi
  19 vault sentinels
  4 water nymphs
  Maurice (D:8)
  Psyche (D:8)
  16 spiny frogs
  A torpor snail (Lair:8)
  A molten gargoyle (Volcano)
  7 sirens
  3 gargoyles
  2 guardian serpents
  A spiny frog (shapeshifter) (D:14)
  An efreet (D:14)
  9 ice devils
  19 yaktaurs
  8 komodo dragons
  5 kobold demonologists
  A tengu conjurer (D:15)
  4 anaconda simulacra (IceCv)
  A golden dragon simulacrum (IceCv)
  14 freezing wraiths
  9 polar bears (Lair:8)
  30 merfolk
  8 trolls
  A troll (shapeshifter) (D:10)
  20 two-headed ogres
  3 wind drakes
  2 wolf spider simulacra
  16 slime creatures
  19 blink frogs
  6 raiju (Lair:8)
  6 snapping turtles
  4 boulder beetles
  A hornet zombie (D:15)
  3 centaur simulacra
  A redback (Vaults:2)
  3 shadows
  5 wyverns
  3 vampires (Vaults:3)
  A redback (shapeshifter) (Vaults:3)
  2 dire elephant simulacra (IceCv)
  7 fire elementals
  10 water elementals
  52 yaks
  16 hippogriffs
  15 humans (D:14)
  A basilisk (Lair:5)
  3 hogs (D:12)
  A human simulacrum (Vaults:1)
  11 vampire mosquitoes
  A harpy simulacrum (IceCv)
  A hippogriff (shapeshifter) (D:14)
  5 mottled dragons
  29 nagas
  5 soldier ants
  8 wargs
  3 iron troll simulacra (IceCv)
  19 water moccasins
  Duvessa (D:7)
  4 hydra simulacra (IceCv)
  8 hell hounds
  4 sky beasts
  11 porcupines
  An ice beast (shapeshifter) (D:14)
  2 wasps
  15 black bears
  36 orc warriors
  A slave (D:5)
  4 boggarts (Vaults:2)
  3 ice beasts
  2 phantoms
  A wasp (shapeshifter) (D:4)
  25 wolves
  3 eyes of draining
  47 ogres
  31 centaurs
  7 crocodiles
  23 giant frogs
  6 big kobolds
  2 wyvern zombies
  Dowan (D:7)
  A wyvern skeleton (D:13)
  7 scorpions
  5 killer bees
  A water moccasin skeleton (D:8)
  4 wights (D:14)
  5 howler monkeys
  9 crimson imps
  3 giant frog zombies
  2 draconian simulacra (IceCv)
  19 hounds
  5 giant frog skeletons
  5 centaur skeletons
  9 iguanas
  6 jellies
  12 orc priests
  Crazy Yiuf (D:5)
  34 worker ants
  22 orc wizards
  A troll simulacrum (IceCv)
  9 sheep
  A hound zombie (D:6)
  A hound skeleton (D:10)
  A howler monkey zombie (D:5)
  2 worker ant zombies (D:11)
  7 gnolls
  A howler monkey skeleton (D:6)
  2 ogre simulacra
  16 adders
  2 naga simulacra (IceCv)
  64 river rats
  3 shadow imps
  6 white imps (IceCv)
  7 ufetubi (IceCv)
  An ooze (D:4)
  2 adder zombies
  An adder skeleton (D:9)
  3 worms
  A dart slug (D:3)
  3 giant geckos
  68 orcs
  2 ball pythons
  6 bats
  7 giant cockroaches
  6 goblins
  7 hobgoblins
  11 jackals
  2 quokkas
  A ball python skeleton (D:4)
  A giant gecko zombie (D:7)
  8 giant newts
  2 gnoll zombies (D:7)
  11 kobolds
  3 quokka skeletons
  A quokka zombie (D:7)
  9 rats
  3 fire vortices
  3 plants
  3 tentacles (Shoals:2)
1619 creatures vanquished.

Vanquished Creatures (collateral kills)
  A naga sharpshooter (Snake:4)
  Pikel (D:5)
  A vault sentinel (Vaults:2)
  An elephant (Lair:8)
  3 merfolk (Shoals:4)
  A human (D:14)
  2 slaves (D:5)
  Blork the orc (D:5)
  2 orcs (Vaults:2)
  4 jackals (Lair:8)
17 creatures vanquished.

Vanquished Creatures (others)
  A merfolk javelineer (Shoals:4)
  A hydra (Lair:8)
  3 dancing weapons
  2 deep elf magi (Vaults:3)
  2 ball lightnings (Vaults:4)
  A merfolk (Shoals:4)
  A yak (D:14)
  An ogre (Vaults:3)
  An orc wizard (Orc:1)
  An orc (Orc:2)
  A fire vortex (Volcano)
  22 fungi
  26 plants
  12 tentacles (Shoals:2)
  583 tentacle segments (Shoals:2)
658 creatures vanquished.

Grand Total: 2294 creatures vanquished

Notes
Turn   | Place    | Note
--------------------------------------------------------------
     0 | D:1      | xeno23 the Troll Chaos Knight began the quest for the Orb.
     0 | D:1      | Reached XP level 1. HP: 22/22 MP: 0/0
    15 | D:1      | XOM: divination: detect items
   177 | D:1      | XOM: silly message
   252 | D:1      | XOM: potion effect (brilliance)
   314 | D:1      | Reached XP level 2. HP: 29/29 MP: 1/1
   340 | D:1      | XOM: divination: detect creatures
   481 | D:1      | XOM: cast spell 'Hydra Form'
   570 | D:1      | XOM: smoke on damage
   571 | D:1      | XOM: colour smoke trail
   628 | D:1      | XOM: divination: detect creatures
   757 | D:2      | Reached XP level 3. HP: 36/36 MP: 2/2
   884 | D:2      | XOM: divination: detect items
   985 | D:2      | XOM: silly message
  1122 | D:2      | XOM is BORED!
  1122 | D:2      | XOM: medium Chrm miscast
  1320 | D:2      | Reached XP level 4. HP: 45/45 MP: 3/3
  1338 | D:2      | XOM: mild Conj miscast
  1339 | D:2      | Found a stormy altar of Qazlal.
  1447 | D:3      | Reached skill level 4 in Unarmed Combat
  1624 | D:3      | XOM: divination: magic mapping
  2084 | D:3      | Reached XP level 5. HP: 53/53 MP: 4/4
  2164 | D:4      | Noticed an ogre
  2186 | D:4      | XOM: potion effect (agility)
  2191 | D:4      | Noticed a wasp
  2191 | D:4      | an ogre changed into a wasp
  2191 | D:4      | XOM: polymorph ogre -> wasp
  2195 | D:4      | XOM: enchant monster (good)
  2198 | D:4      | Killed a wasp
  2230 | D:4      | Reached skill level 5 in Unarmed Combat
  2238 | D:4      | Reached XP level 6. HP: 51/61 MP: 5/5
  2419 | D:4      | Found a staircase to the Ecumenical Temple.
  2532 | D:4      | XOM: polymorph gnoll -> goblin
  2597 | D:4      | XOM: smoke on damage
  3170 | D:5      | Entered Level 5 of the Dungeon
  3221 | D:5      | Found Atogge's Assorted Antiques.
  3224 | D:5      | Bought a scroll labeled QAKEIT KOACIP for 25 gold pieces
  3225 | D:5      | Bought a scroll labeled MUINODW KOUMIZ for 25 gold pieces
  3225 | D:5      | Bought a scroll labeled OMEX HIEKE for 25 gold pieces
  3243 | D:5      | Reached skill level 6 in Unarmed Combat
  3243 | D:5      | Reached XP level 7. HP: 52/70 MP: 6/6
  3289 | D:5      | XOM: vitrification
  3308 | D:5      | Noticed Pikel
  3320 | D:5      | Killed Pikel
  3364 | D:5      | Noticed Blork the orc
  3369 | D:5      | Killed Blork the orc
  3457 | D:5      | Reached skill level 7 in Unarmed Combat
  3492 | D:5      | Found a burning altar of Makhleb.
  3497 | D:5      | Reached XP level 8. HP: 72/79 MP: 7/7
  3505 | D:5      | Got a scorched cloak
  3511 | D:5      | Identified the +2 cloak of the Many Spirits {-Tele Dex+4 Slay+6} (You found it on level 5 of the Dungeon)
  3522 | D:5      | Found an oddly glowing altar of Pakellas.
  3613 | D:5      | XOM: god gift: hunting sling {god gift}
  3723 | D:5      | Noticed Crazy Yiuf
  3728 | D:5      | Killed Crazy Yiuf
  3836 | D:6      | XOM: divination: detect creatures
  4055 | D:6      | Reached skill level 5 in Fighting
  4072 | D:6      | Noticed a cyclops
  4073 | D:6      | Noticed a troll
  4081 | D:6      | XOM: summons friendly shadow imp
  4090 | D:6      | XOM: give mutation
  4090 | D:6      | Gained mutation: You are robust (+10% HP). [Xom's grace]
  4091 | D:6      | Killed a troll
  4091 | D:6      | Reached skill level 8 in Unarmed Combat
  4178 | D:6      | XOM: butterfly on damage
  4182 | D:6      | Killed a cyclops
  4182 | D:6      | Reached skill level 5 in Dodging
  4229 | D:6      | Found a white marble altar of Elyvilon.
  4280 | D:6      | Reached XP level 9. HP: 84/96 MP: 8/8
  4658 | D:6      | XOM: cast spell 'Hydra Form'
  4679 | D:6      | XOM: fog
  4681 | D:6      | Reached skill level 9 in Unarmed Combat
  4683 | D:6      | Reached skill level 1 in Throwing
  5101 | D:7      | Found a basalt altar of Yredelemnul.
  5197 | D:7      | Noticed Duvessa
  5197 | D:7      | Noticed Dowan
  5203 | D:7      | Killed Duvessa
  5204 | D:7      | XOM: confuse monster(s)
  5211 | D:7      | Killed Dowan
  5623 | D:8      | Noticed Maurice
  5626 | D:8      | XOM: divination: detect items
  5713 | D:7      | XOM: colour smoke trail
  5758 | D:8      | Reached skill level 10 in Unarmed Combat
  5770 | D:8      | Found an iron altar of Okawaru.
  6062 | D:8      | Noticed Psyche
  6067 | D:8      | Killed Psyche
  6067 | D:8      | Reached XP level 10. HP: 107/110 MP: 9/9
  6129 | D:8      | Killed Maurice
  6468 | D:9      | Found a staircase to the Orcish Mines.
  6512 | D:9      | XOM: god gift: 7 tomahawks of dispersal
  6640 | D:9      | Found a shadowy altar of Dithmenos.
  6654 | D:9      | XOM: divination: magic mapping
  6786 | D:9      | XOM: destruction
  6789 | D:9      | XOM: summons friendly crimson imp
  6880 | D:9      | Found an oddly glowing altar of Pakellas.
  6880 | D:9      | Found Pakellas's Prime Provisions.
  7026 | D:9      | XOM: god gift: scroll labeled LEQUSE SAMENG
  7097 | D:9      | XOM: god gift: 19 arrows of dispersal
  7128 | D:10     | XOM: noise
  7128 | D:10     | Entered Level 10 of the Dungeon
  7129 | D:10     | Found a staircase to the Lair.
  7132 | D:10     | Reached skill level 11 in Unarmed Combat
  7142 | D:10     | XOM: polymorph hell hound -> ogre
  7148 | D:10     | XOM: summons 7 friendly demons
  7171 | Lair:1   | Entered Level 1 of the Lair of Beasts
  7309 | Lair:1   | Noticed a spiny frog
  7311 | Lair:1   | Killed a spiny frog
  7380 | Lair:1   | Learned a level 6 spell: Statue Form
  7416 | Lair:1   | Noticed Sonja
  7417 | Lair:1   | XOM: enchant monster (good)
  7451 | Lair:1   | XOM: vitrification
  7488 | Lair:1   | Killed Sonja
  7488 | Lair:1   | Reached XP level 11. HP: 99/119 MP: 10/10
  7493 | Lair:1   | XOM: medium Conj miscast
  7958 | Lair:1   | XOM: polymorph worker ant -> worm
  7964 | Lair:1   | XOM: summons friendly iron imp
  7967 | Lair:1   | Reached skill level 5 in Throwing
  8041 | Lair:1   | Noticed a queen ant
  8050 | Lair:1   | Killed a queen ant
  8332 | Lair:2   | XOM: god gift: glowing robe {god gift}
  8372 | Lair:2   | XOM: medium Trmt miscast
  8443 | Lair:2   | Reached skill level 12 in Unarmed Combat
  8529 | Lair:2   | XOM: summons 3 hostile shadow creatures
  8552 | Lair:2   | XOM: smoke on damage
  8575 | Lair:2   | XOM: noise
  8619 | Lair:2   | XOM: give mutations
  8619 | Lair:2   | Gained mutation: You have a beak for a mouth. [Xom's mischief]
  8619 | Lair:2   | Gained mutation: Your body sometimes deteriorates upon taking damage. [Xom's mischief]
  8619 | Lair:2   | Gained mutation: You are clumsy. (Dex -2) [Xom's mischief]
  8915 | Lair:2   | XOM: colour smoke trail
  8952 | Lair:2   | Reached skill level 1 in Earth Magic
  8977 | Lair:3   | Reached skill level 1 in Transmutations
  8981 | Lair:3   | XOM: give mutations
  8981 | Lair:3   | Gained mutation: Scrolls take you a little longer to read. [Xom's mischief]
  8981 | Lair:3   | Lost mutation: Scrolls take you a little longer to read. [Xom's mischief]
  9058 | Lair:3   | XOM: harmless Trmt miscast
  9059 | Lair:3   | XOM: potion effect (berserk rage)
  9199 | Lair:3   | Found a staircase to the Snake Pit.
  9199 | Lair:3   | Noticed a death yak
  9199 | Lair:3   | Noticed a death yak
  9199 | Lair:3   | Noticed a death yak
  9200 | Lair:3   | Noticed a death yak
  9202 | Lair:3   | Noticed a death yak
  9206 | Lair:3   | XOM: swap monsters
  9225 | Lair:3   | XOM: fake destruction
  9241 | Lair:2   | XOM: enchant monster (bad)
  9246 | Lair:2   | XOM: god gift: glowing naga barding {god gift}
  9249 | Lair:2   | XOM: god gift: ring of protection from magic {god gift}
  9280 | Lair:2   | XOM: fake destruction
  9284 | Lair:2   | XOM: divine lightning
  9288 | Lair:2   | XOM: silly message
  9295 | Lair:2   | XOM: enchant monster (good)
  9300 | Lair:2   | Killed a death yak
  9366 | Lair:3   | XOM: enchant monster (good)
  9385 | Lair:3   | XOM: harmless Conj miscast
  9388 | Lair:3   | XOM: divination: magic mapping
  9527 | Lair:3   | XOM: potion effect (berserk rage)
  9533 | Lair:3   | Killed a death yak
  9540 | Lair:3   | XOM: potion effect (haste)
  9541 | Lair:3   | XOM: potion effect (might)
  9543 | Lair:3   | XOM: harmless Divn miscast
  9691 | Lair:2   | XOM: potion effect (haste)
  9692 | Lair:2   | XOM: confusion
  9693 | Lair:2   | XOM: silly message
  9699 | Lair:2   | Reached XP level 12. HP: 16/130 MP: 11/11
  9955 | Lair:3   | XOM: confuse monster(s)
  9966 | Lair:3   | Killed a death yak
  9977 | Lair:3   | XOM: mild Erth miscast
  9987 | Lair:3   | XOM: enchant monster (good)
  9988 | Lair:3   | XOM: confuse monster(s)
 10428 | Lair:4   | XOM: harmless Pois miscast
 10843 | Lair:5   | XOM: confuse monster(s)
 10850 | Lair:5   | XOM: noise
 10928 | Lair:5   | Reached skill level 13 in Unarmed Combat
 11070 | Lair:5   | XOM: harmless Tloc miscast
 11234 | Lair:5   | XOM is BORED!
 11234 | Lair:5   | XOM: mild Air miscast
 11339 | Lair:5   | XOM: divination: detect creatures
 11372 | Lair:5   | XOM: scenery: create altars
 11555 | Lair:6   | Noticed an eight-headed hydra
 11572 | Lair:6   | XOM: summons friendly ufetubus
 11577 | Lair:6   | XOM: enchant monster (good)
 11581 | Lair:6   | XOM: swap monsters
 11590 | Lair:6   | XOM: divine lightning
 11591 | Lair:6   | XOM: destruction
 11620 | Lair:6   | Found a sparkling altar of Nemelex Xobeh.
 11626 | Lair:6   | Found a dark tunnel.
 11628 | Lair:6   | XOM: enchant monster (good)
 11635 | Volcano  | Entered a volcano
 11869 | Volcano  | Gained mutation: You have a pair of small horns on your head. [potion of mutation]
 11869 | Volcano  | Gained mutation: You are dopey. (Int -2) [potion of mutation]
 11869 | Volcano  | Gained mutation: You are partially covered in iridescent scales (AC +4). [potion of mutation]
 11895 | Volcano  | Reached skill level 5 in Earth Magic
 11935 | Volcano  | XOM: god gift: box of beasts
 11951 | Lair:6   | XOM: summons friendly iron imp
 12062 | Lair:6   | Found a staircase to the Shoals.
 12121 | Lair:6   | XOM: god gift: scroll of recharging
 12127 | Lair:6   | Killed an eight-headed hydra
 12127 | Lair:6   | Reached XP level 13. HP: 68/140 MP: 12/12
 12411 | Lair:6   | XOM: fog
 12413 | Lair:6   | XOM: cast spell 'Statue Form'
 12795 | Lair:6   | XOM: mild Conj miscast
 13006 | Lair:7   | XOM: enchant monster (good)
 13016 | Lair:7   | XOM: snakes to sticks
 13018 | Lair:7   | Reached skill level 5 in Transmutations
 13072 | Lair:7   | XOM is BORED!
 13072 | Lair:7   | XOM: draining
 13474 | Lair:7   | XOM: enchant monster (good)
 13481 | Lair:7   | XOM: fake destruction
 13688 | Lair:7   | XOM: confuse monster(s)
 13759 | Lair:8   | Entered Level 8 of the Lair of Beasts
 13772 | Lair:8   | XOM: fog
 13781 | Lair:8   | XOM: swap monsters
 13790 | Lair:8   | XOM: summons friendly ufetubus
 13843 | Lair:8   | Reached skill level 14 in Unarmed Combat
 13847 | Lair:8   | XOM: enchant monster (good)
 13850 | Lair:8   | XOM: swap monsters
 13859 | Lair:8   | XOM: cast spell 'Summon Butterflies'
 13864 | Lair:8   | XOM: noise
 13888 | Lair:8   | XOM: confusion (+ monsters)
 13889 | Lair:8   | XOM: harmless Conj miscast
 13900 | Lair:8   | XOM: blink monster(s)
 13921 | Lair:8   | XOM: enchant monster (bad)
 13925 | Lair:8   | XOM: confuse monster(s)
 13926 | Lair:8   | XOM: mild Tloc miscast
 13971 | Lair:8   | XOM: summons 11 friendly demons
 14003 | Lair:8   | XOM: fog
 14095 | Lair:8   | XOM: potion effect (invisibility)
 14142 | Lair:8   | Reached XP level 14. HP: 123/154 MP: 13/13
 14243 | Lair:8   | XOM: summons 14 friendly demons
 14260 | Lair:8   | XOM: noise
 14272 | Lair:8   | XOM: noise
 14273 | Lair:8   | XOM: enchant monster (good)
 14307 | Lair:8   | XOM: potion effect (brilliance)
 14345 | Lair:8   | XOM: cast spell 'Olgreb's Toxic Radiance'
 14491 | Lair:8   | XOM: smoke on damage
 14503 | Lair:8   | Found a staircase to the Slime Pits.
 14723 | Lair:8   | XOM: noise
 14915 | Lair:8   | XOM: enchant monster (good)
 14930 | Lair:8   | XOM: noise
 15119 | Lair:8   | XOM: mild Hex miscast
 15326 | Lair:3   | XOM: divination: detect items
 15332 | Lair:3   | XOM: noise
 15341 | Lair:3   | XOM: cast spell 'Call Canine Familiar'
 15349 | Lair:3   | XOM: mild Divn miscast
 15844 | Lair:1   | XOM: harmless Fire miscast
 15851 | Lair:1   | XOM: colour smoke trail
 16004 | D:10     | XOM: harmless Hex miscast
 16635 | D:10     | XOM: silly message
 16741 | Orc:1    | Entered Level 1 of the Orcish Mines
 16777 | Orc:1    | Noticed Erica
 16780 | Orc:1    | Noticed Snorg
 16792 | Orc:1    | Killed Snorg
 16799 | Orc:1    | Killed Erica
 16913 | Orc:1    | XOM: divination: detect items
 17094 | Orc:2    | Entered Level 2 of the Orcish Mines
 17154 | Orc:2    | Found Rayzil's Distillery.
 17213 | Orc:2    | XOM: silly message
 17259 | Orc:2    | Found a staircase to the Elven Halls.
 17263 | Orc:2    | Noticed Azrael
 17271 | Orc:2    | XOM: divination: magic mapping
 17284 | Orc:2    | Killed Azrael
 17427 | Orc:1    | XOM: harmless Divn miscast
 17603 | Orc:2    | XOM: harmless Conj miscast
 17655 | Orc:2    | XOM: noise
 17660 | Orc:2    | XOM: enchant monster (good)
 17662 | Orc:2    | XOM: enchant monster (good)
 17691 | Orc:2    | XOM: repel stairs
 17907 | Orc:2    | XOM: smoke on damage
 18040 | Orc:2    | XOM: mild Trmt miscast
 18222 | Orc:2    | XOM: harmless Hex miscast
 18381 | Orc:2    | Found Lacilec's Antique Armour Shop.
 18381 | Orc:2    | Found Baakher's Gadget Shoppe.
 18383 | Orc:2    | Found Joguxkec's Magic Scroll Emporium.
 18385 | Orc:2    | Found Ygrot's General Store.
 18389 | Orc:2    | Bought a potion of curing for 45 gold pieces
 18394 | Orc:2    | Bought a scroll of acquirement for 676 gold pieces
 18394 | Orc:2    | Bought a scroll of teleportation for 39 gold pieces
 18394 | Orc:2    | Bought a scroll of recharging for 123 gold pieces
 18394 | Orc:2    | Bought 2 scrolls of recharging for 247 gold pieces
 18394 | Orc:2    | Bought a scroll of identify for 26 gold pieces
 18394 | Orc:2    | Bought a scroll of recharging for 123 gold pieces
 18394 | Orc:2    | Bought a scroll of enchant armour for 97 gold pieces
 18459 | Orc:2    | Got a faintly humming troll leather armour
 18470 | Orc:2    | Identified the +1 troll leather armour of the Hills {+Blink rF+ Regen+ Int+4 Dex+4} (You acquired it on level 2 of the Orcish Mines)
 18471 | Orc:2    | Bought 2 potions of heal wounds for 140 gold pieces
 18471 | Orc:2    | Bought a potion of haste for 140 gold pieces
 18471 | Orc:2    | Bought a potion of curing for 42 gold pieces
 18471 | Orc:2    | Bought a potion of curing for 42 gold pieces
 18471 | Orc:2    | Bought a potion of invisibility for 112 gold pieces
 18471 | Orc:2    | Bought a potion of mutation for 35 gold pieces
 18471 | Orc:2    | Gained mutation: Your muscles are strong. (Str +2) [potion of mutation]
 18471 | Orc:2    | Gained mutation: You regenerate. [potion of mutation]
 18471 | Orc:2    | Gained mutation: You occasionally shout uncontrollably at your foes. [potion of mutation]
 18611 | Orc:1    | XOM: medium Ice miscast
 18867 | D:11     | XOM: give mutations
 18867 | D:11     | Lost mutation: Your body sometimes deteriorates upon taking damage. [Xom's mischief]
 18867 | D:11     | Lost mutation: You are robust (+10% HP). [Xom's mischief]
 18917 | D:11     | XOM: mild Fire miscast
 19127 | D:11     | XOM: mild Necr miscast
 19221 | D:11     | XOM: harmless Summ miscast
 19327 | D:11     | XOM: harmless Pois miscast
 19423 | D:11     | XOM: mild Divn miscast
 19556 | D:12     | Found a labyrinth entrance.
 19584 | Lab      | Entered a labyrinth
 19614 | Lab      | XOM: summons 7 hostile demons
 19654 | Lab      | Reached XP level 15. HP: 149/149 MP: 14/14
 19690 | Lab      | Identified a +5 rod of ignition (9/9) (You took it off a minotaur in a labyrinth)
 19691 | Lab      | Identified a +2 rod of ignition (14/14) (You found it in a labyrinth)
 19696 | Lab      | Got a bound iron ring
 19696 | Lab      | Got a faintly glowing jade ring
 19698 | Lab      | Identified the ring "Hodgh" {*Corrode rF+ rC+ Str+8 Dex+4} (You found it in a labyrinth)
 19700 | Lab      | Identified the ring "Jenaomal" {+Fly rF+} (You found it in a labyrinth)
 20039 | D:12     | Noticed Kirke
 20041 | D:12     | XOM: confuse monster(s)
 20086 | D:12     | Reached skill level 10 in Fighting
 20113 | D:12     | Killed Kirke
 20152 | D:12     | Got a transparent golden ring
 20454 | D:12     | Identified the ring of Etesegh {rPois MR+ MP+9 Int+3 Stlth+} (You found it on level 12 of the Dungeon)
 20547 | D:13     | XOM: enchant monster (good)
 20550 | D:13     | Reached skill level 15 in Unarmed Combat
 20556 | D:13     | Reached skill level 1 in Evocations
 21042 | D:13     | XOM: enchant monster (bad)
 21047 | D:13     | XOM: enchant monster (good)
 21107 | D:13     | Identified Wuoboq's Collected Works on Entrancing Augmentations
 21283 | D:14     | Found a gate to the Vaults.
 21283 | D:14     | Noticed Donald
 21283 | D:14     | Noticed Rupert
 21438 | D:14     | Found a glowing golden altar of the Shining One.
 21441 | D:14     | XOM: give mutations
 21441 | D:14     | Gained mutation: Your spells are a little harder to cast, but a little more powerful. [Xom's grace]
 21441 | D:14     | Gained mutation: Your spells are harder to cast, but more powerful. [Xom's grace]
 21486 | D:14     | XOM: fake destruction
 21512 | D:14     | XOM: confuse monster(s)
 21578 | D:14     | XOM: divination: detect items
 21582 | D:14     | XOM: fog
 21594 | D:14     | XOM: god gift: 24 stones
 21604 | D:14     | Killed Donald
 21724 | D:14     | XOM: god gift: 1100 gold pieces
 21813 | D:14     | XOM: god gift: 49 gold pieces
 21828 | D:14     | Reached skill level 1 in Shields
 21842 | D:14     | XOM: fog
 21845 | D:14     | XOM: swap monsters
 21856 | D:14     | XOM: god gift: 27 stones
 21879 | D:14     | Lost mutation: You are clumsy. (Dex -2) [potion of mutation]
 21935 | D:14     | XOM: enchant monster (bad)
 21936 | D:14     | XOM: cast spell 'Summon Small Mammal'
 21949 | D:14     | Killed Rupert
 22267 | D:14     | XOM: cast spell 'Statue Form'
 22303 | D:15     | Entered Level 15 of the Dungeon
 22365 | D:15     | Reached skill level 10 in Dodging
 22441 | D:15     | Noticed Louise
 22442 | D:15     | Reached XP level 16. HP: 159/159 MP: 16/16
 22464 | D:15     | XOM: cast spell 'Spider Form'
 22474 | D:15     | XOM: confuse monster(s)
 22512 | D:15     | Killed Louise
 22515 | D:15     | Got a crude large shield
 22530 | D:15     | Identified the +8 large shield of Inviolability {Dex+7} (You took it off Louise on level 15 of the Dungeon)
 22536 | D:15     | Learned a level 4 spell: Petrify
 22565 | D:15     | XOM: cast spell 'Statue Form'
 22620 | D:15     | XOM: enchant monster (bad)
 22621 | D:15     | XOM: summons friendly quasit
 22627 | D:15     | Reached skill level 10 in Earth Magic
 22711 | D:15     | XOM: confuse monster(s)
 22892 | D:15     | XOM: god gift: scroll of recharging
 22969 | D:15     | XOM: silly message
 22993 | D:15     | Found a staircase to the Depths.
 23170 | Lair:1   | XOM: confusion (+ monsters)
 23291 | Snake:1  | Entered Level 1 of the Snake Pit
 23291 | Snake:1  | Noticed Avack's ghost (journeyman DgSu)
 23306 | Snake:1  | Killed Avack's ghost
 23368 | Snake:1  | XOM: chaos upgrade
 23371 | Snake:1  | XOM: give mutation
 23371 | Snake:1  | Gained mutation: You tend to lose your temper in combat. [Xom's mischief]
 23486 | Snake:1  | XOM: mild Summ miscast
 23689 | Snake:1  | XOM: mild Trmt miscast
 23706 | Snake:1  | XOM: noise
 24051 | Snake:2  | XOM: god gift: 29 gold pieces
 24052 | Snake:2  | XOM: summons friendly quasit
 24056 | Snake:2  | XOM: divination: detect items
 24142 | Snake:2  | Reached skill level 5 in Shields
 24340 | Snake:2  | XOM: silly message
 24350 | Snake:2  | XOM: potion effect (berserk rage)
 24435 | Snake:2  | Reached skill level 16 in Unarmed Combat
 24469 | Snake:2  | Reached skill level 10 in Throwing
 24569 | Snake:2  | Found Petuhiff's General Store.
 24573 | Snake:2  | Bought a scroll of enchant armour for 142 gold pieces
 24573 | Snake:2  | Bought a scroll of magic mapping for 66 gold pieces
 24573 | Snake:2  | Bought a potion of resistance for 190 gold pieces
 24573 | Snake:2  | Bought a potion of haste for 190 gold pieces
 24785 | Snake:2  | XOM: colour smoke trail
 24903 | Snake:3  | Noticed Aizul
 24909 | Snake:3  | Killed Aizul
 25047 | Snake:3  | XOM: give mutations
 25047 | Snake:3  | Lost mutation: Your muscles are strong. (Str +2) [Xom's mischief]
 25047 | Snake:3  | Gained mutation: You sometimes yell uncontrollably at your foes. [Xom's mischief]
 25047 | Snake:3  | Lost mutation: Your spells are harder to cast, but more powerful. [Xom's mischief]
 25047 | Snake:3  | Gained mutation: Your spells are harder to cast, but more powerful. [Xom's mischief]
 25106 | Snake:3  | Found a frozen archway.
 25145 | IceCv    | Entered an ice cave
 25225 | IceCv    | XOM is BORED!
 25225 | IceCv    | XOM: medium Ice miscast
 25344 | IceCv    | XOM: swap monsters
 25407 | IceCv    | Reached XP level 17. HP: 170/170 MP: 18/18
 25470 | IceCv    | Noticed an Ice Fiend
 25638 | IceCv    | Killed an Ice Fiend
 25668 | IceCv    | Got a jewelled hat
 25688 | IceCv    | Identified the +3 hat of Ehuyhig {MR+ SInv} (You found it in an ice cave)
 25730 | Snake:3  | XOM: harmless Trmt miscast
 25771 | Snake:3  | XOM: silly message
 25874 | Snake:3  | XOM: divination: magic mapping
 25935 | Snake:3  | XOM: divination: detect items
 25969 | Snake:3  | XOM: colour smoke trail
 26072 | Snake:3  | Found an iron altar of Okawaru.
 26284 | Snake:3  | XOM: silly message
 26310 | Snake:3  | XOM: potion effect (berserk rage)
 26442 | Snake:4  | Entered Level 4 of the Snake Pit
 26565 | Snake:4  | XOM: colour smoke trail
 26665 | Snake:4  | XOM: colour smoke trail
 26673 | Snake:4  | XOM: cast spell 'Summon Butterflies'
 26675 | Snake:4  | XOM: cast spell 'Confusing Touch'
 26696 | Snake:4  | XOM: harmless Summ miscast
 26728 | Snake:4  | XOM: enchant monster (bad)
 26730 | Snake:4  | XOM: confuse monster(s)
 26731 | Snake:4  | XOM: enchant monster (good)
 26741 | Snake:4  | XOM: divination: detect items
 26788 | Snake:4  | XOM: enchant monster (bad)
 26826 | Snake:4  | XOM: confuse monster(s)
 26836 | Snake:4  | XOM: silly message
 26874 | Snake:4  | XOM: potion effect (brilliance)
 26878 | Snake:4  | XOM: confuse monster(s)
 26883 | Snake:4  | XOM: potion effect (invisibility)
 26901 | Snake:4  | XOM: silly message
 26905 | Snake:4  | XOM: noise
 26912 | Snake:4  | Reached skill level 17 in Unarmed Combat
 26914 | Snake:4  | XOM: harmless Chrm miscast
 26916 | Snake:4  | XOM: noise
 26923 | Snake:4  | XOM: summons 4 friendly demons
 26929 | Snake:4  | XOM: enchant monster (good)
 26930 | Snake:4  | XOM: harmless Air miscast
 26939 | Snake:4  | Reached skill level 5 in Evocations
 26944 | Snake:4  | XOM: cast spell 'Spider Form'
 27021 | Snake:4  | XOM: divination: detect creatures
 27022 | Snake:4  | XOM: divination: detect items
 27024 | Snake:4  | Learned a level 1 spell: Apportation
 27052 | Snake:4  | XOM: divination: detect creatures
 27062 | Snake:4  | XOM: cast spell 'Summon Butterflies'
 27313 | Snake:4  | XOM: potion effect (invisibility)
 27324 | Snake:4  | XOM: harmless Pois miscast
 27414 | Snake:4  | Got a serpentine rune of Zot
 27532 | Lair:3   | XOM: potion effect (haste)
 27552 | Lair:3   | XOM: silly message
 27643 | Shoals:1 | Entered Level 1 of the Shoals
 27736 | Shoals:1 | XOM: chaos upgrade
 27864 | Shoals:1 | XOM: mild Chrm miscast
 28358 | Shoals:2 | Reached XP level 18. HP: 179/179 MP: 20/20
 28373 | Shoals:2 | Noticed Frances
 28383 | Shoals:2 | Killed Frances
 28450 | Shoals:2 | XOM: mild Air miscast
 28872 | Shoals:3 | XOM: give mutations
 28872 | Shoals:3 | Lost mutation: Your spells are harder to cast, but more powerful. [Xom's mischief]
 28872 | Shoals:3 | Lost mutation: You are partially covered in iridescent scales (AC +4). [Xom's mischief]
 28872 | Shoals:3 | Lost mutation: You sometimes yell uncontrollably at your foes. [Xom's mischief]
 28887 | Shoals:3 | XOM: god gift: ominously black robe {god gift}
 28899 | Shoals:3 | Got an ominously black robe {god gift}
 28912 | Shoals:3 | Identified the +0 robe "Hiphor" {rC+ Str+4 Int-3 Stlth+} (Xom gifted it to you on level 3 of the Shoals)
 29178 | Shoals:3 | XOM: potion effect (berserk rage)
 29187 | Shoals:3 | Reached skill level 10 in Shields
 29343 | Shoals:4 | XOM: noise
 29343 | Shoals:4 | Entered Level 4 of the Shoals
 29355 | Shoals:4 | XOM: enchant monster (good)
 29364 | Shoals:4 | XOM: summons friendly iron imp
 29464 | Shoals:4 | XOM: cast spell 'Summon Small Mammal'
 29477 | Shoals:4 | XOM: polymorph merfolk javelineer -> minotaur
 29478 | Shoals:4 | XOM: potion effect (heal wounds)
 29526 | Shoals:4 | XOM: polymorph siren -> death drake
 29542 | Shoals:4 | XOM: summons 6 friendly demons
 29633 | Shoals:4 | XOM: potion effect (might)
 29736 | Shoals:4 | Got a barnacled rune of Zot
 29760 | Shoals:4 | Noticed Polyphemus
 29761 | Shoals:4 | XOM: cast spell 'Statue Form'
 29765 | Shoals:4 | XOM: stat loss: -1 Int (12/13)
 29783 | Shoals:4 | Killed Polyphemus
 29858 | Shoals:4 | XOM: swap monsters
 29896 | Shoals:4 | XOM: god gift: 48 gold pieces
 29897 | Shoals:4 | XOM: cast spell 'Leda's Liquefaction'
 29903 | Shoals:4 | XOM: fog
 30042 | Shoals:4 | Noticed Ilsuiw
 30109 | Shoals:4 | XOM: enchant monster (good)
 30113 | Shoals:4 | XOM: fog
 30177 | Shoals:4 | XOM: swap monsters
 30187 | Shoals:4 | Killed Ilsuiw
 30210 | Shoals:4 | Learned a level 2 spell: Passwall
 30245 | Shoals:4 | XOM: cast spell 'Olgreb's Toxic Radiance'
 30297 | Shoals:4 | XOM: harmless Hex miscast
 30311 | Shoals:4 | XOM: enchant monster (good)
 30434 | Shoals:4 | XOM: harmless Necr miscast
 30816 | Lair:1   | Upgraded the game from 0.18-a0-1666-g3ea6f2b to 0.18-a0-1670-gb40d73e
 30835 | D:10     | XOM: cast spell 'Ice Form'
 30899 | Vaults:1 | Entered Level 1 of the Vaults
 30925 | Vaults:1 | XOM: confuse monster(s)
 30939 | Vaults:1 | XOM: smoke on damage
 31182 | Vaults:1 | Reached XP level 19. HP: 187/187 MP: 21/21
 31186 | Vaults:1 | XOM: enchant monster (bad)
 31188 | Vaults:1 | XOM: potion effect (brilliance)
 31215 | Vaults:1 | XOM: divination: magic mapping
 31265 | Vaults:1 | XOM: silly message
 31414 | Vaults:1 | XOM: divination: detect items
 31531 | Vaults:1 | XOM: silly message
 31622 | Vaults:1 | XOM: silly message
 31808 | Vaults:1 | Found a flickering gateway to a bazaar.
 31847 | Bazaar   | Entered a bazaar
 31849 | Bazaar   | Found Xaheiff's General Store.
 31853 | Bazaar   | Found Guikhoeg's Armour Boutique.
 31853 | Bazaar   | Found Pomeucid's Food Boutique.
 31854 | Bazaar   | Found Vonlysh's Magic Scroll Boutique.
 31869 | Bazaar   | Bought a scroll of identify for 34 gold pieces
 31869 | Bazaar   | Bought a scroll of enchant armour for 127 gold pieces
 31874 | Bazaar   | Bought a scroll of fog for 34 gold pieces
 31874 | Bazaar   | Bought 3 fruits for 76 gold pieces
 32286 | Vaults:2 | XOM: harmless Air miscast
 32412 | Vaults:2 | XOM: harmless Erth miscast
 32859 | Vaults:2 | XOM: silly message
 32870 | Vaults:2 | XOM: silly message
 32894 | Vaults:2 | XOM: chaos cloud
 32898 | Vaults:2 | Reached skill level 15 in Shields
 32899 | Vaults:2 | XOM: noise
 32902 | Vaults:2 | Paralysed by you for 2 turns
 32902 | Vaults:2 | XOM: summons 7 friendly demons
 32930 | Vaults:2 | XOM: enchant monster (bad)
 33024 | Vaults:2 | XOM: divination: detect items
 33076 | Vaults:2 | XOM: god gift: meat ration
 33096 | Vaults:2 | XOM: scenery: 1 doors close
 33163 | Vaults:2 | XOM: fog
 33220 | Vaults:2 | XOM: harmless Summ miscast
 33266 | Vaults:2 | XOM: summons 1 hostile demon
 33508 | Vaults:3 | XOM: divination: detect creatures
 33526 | Vaults:3 | XOM: colour smoke trail
 33544 | Vaults:3 | XOM: polymorph yaktaur -> redback
 33551 | Vaults:3 | Reached skill level 1 in Translocations
 33777 | Vaults:3 | XOM: cast spell 'Ice Form'
 33823 | Vaults:3 | XOM: mild Trmt miscast
 33935 | Vaults:3 | XOM: divination: detect items
 33954 | Vaults:3 | XOM: swap monsters
 33960 | Vaults:3 | XOM: divination: detect items
 34108 | Vaults:3 | Reached XP level 20. HP: 196/196 MP: 22/22
 34299 | Vaults:3 | XOM: cast spell 'Call Canine Familiar'
 34325 | Vaults:3 | Found a staircase to the Crypt.
 34570 | Vaults:3 | Noticed Mara
 34573 | Vaults:3 | XOM: fog
 34576 | Vaults:3 | Noticed xeno23's illusion
 34634 | Vaults:3 | XOM: divine lightning
 34635 | Vaults:3 | XOM: swap monsters
 34638 | Vaults:3 | XOM: mild Ice miscast
 34638 | Vaults:3 | Gained mutation: You often lose your temper in combat. [a neqoxec]
 34640 | Vaults:3 | XOM: polymorph sixfirhy -> orange demon
 34659 | Vaults:3 | XOM: polymorph kobold -> giant cockroach
 34678 | Vaults:3 | Noticed xeno23's illusion
 34678 | Vaults:3 | XOM: enchant monster (bad)
 34751 | Vaults:3 | Noticed xeno23's illusion
 34767 | Vaults:3 | XOM: medium Necr miscast
 34776 | Vaults:3 | XOM: polymorph Mara -> Mara
 34815 | Vaults:3 | XOM: blink monster(s)
 34840 | Vaults:2 | XOM: torment (73/196 hp)
 35077 | Vaults:3 | Killed Mara
 35119 | Vaults:3 | Noticed Nikola
 35123 | Vaults:3 | Killed Nikola
 35240 | Vaults:3 | XOM: polymorph death knight -> hell hog
 35248 | Vaults:3 | Reached skill level 10 in Transmutations
 35264 | Vaults:3 | Reached skill level 5 in Translocations
 35288 | Vaults:3 | XOM: harmless Summ miscast
 35295 | Vaults:3 | XOM: silly message
 35374 | Vaults:3 | XOM: give mutations
 35374 | Vaults:3 | Lost mutation: You have a pair of small horns on your head. [Xom's mischief]
 35374 | Vaults:3 | Gained mutation: You have an uncontrollable temper. [Xom's mischief]
 35374 | Vaults:3 | Lost mutation: Your spells are a little harder to cast, but a little more powerful. [Xom's mischief]
 35374 | Vaults:3 | Lost mutation: You occasionally shout uncontrollably at your foes. [Xom's mischief]
 35375 | Vaults:3 | Lost mutation: You are dopey. (Int -2) [potion of cure mutation]
 35375 | Vaults:3 | Lost mutation: You have an uncontrollable temper. [potion of cure mutation]
 35375 | Vaults:3 | Lost mutation: You often lose your temper in combat. [potion of cure mutation]
 35375 | Vaults:3 | Lost mutation: You regenerate. [potion of cure mutation]
 35375 | Vaults:3 | Lost mutation: You tend to lose your temper in combat. [potion of cure mutation]
 35530 | Vaults:4 | XOM: enchant monster (bad)
 35667 | Vaults:4 | XOM: enchant monster (bad)
 35806 | Vaults:4 | XOM: noise
 35821 | Vaults:4 | XOM: cast spell 'Conjure Ball Lightning'
 35898 | Vaults:4 | XOM: cast spell 'Necromutation'
 36020 | Vaults:4 | XOM: scenery: 1 doors open
 36158 | Vaults:4 | XOM: potion effect (berserk rage)
 36196 | Vaults:4 | XOM: colour smoke trail
 36506 | Vaults:4 | Found Irew's Magic Scroll Shoppe.
 36514 | Vaults:4 | Bought a scroll of silence for 150 gold pieces
 36514 | Vaults:4 | Bought a scroll of identify for 40 gold pieces
 36514 | Vaults:4 | Bought a scroll of fear for 70 gold pieces
 36514 | Vaults:4 | Bought a scroll of acquirement for 1040 gold pieces
 36514 | Vaults:4 | Bought 2 scrolls of teleportation for 120 gold pieces
 36514 | Vaults:4 | Bought a scroll of enchant armour for 150 gold pieces
 36514 | Vaults:4 | Bought a scroll of fear for 70 gold pieces
 36523 | Vaults:4 | XOM: scenery: 1 doors open, 1 doors close
 36554 | Vaults:5 | Entered Level 5 of the Vaults
 36554 | Vaults:5 | Noticed ShittyPlayer's ghost (adept DsBe)
 36554 | Vaults:5 | XOM: enchant monster (good)
 36559 | Vaults:5 | Reached skill level 1 in Spellcasting
 36562 | Vaults:5 | Noticed a golden dragon
 36564 | Vaults:5 | HP: 7/196 [vault guard/exploding inner flame[the player character] (12)]
 36564 | Vaults:5 | Xom revived you
 36564 | Vaults:5 | Slain by ShittyPlayer's ghost

Vault maps used:
D:1:      matt_arrival_los_fun
D:2:      lemuel_coloured_pillars_altar
D:4:      minmay_temple_entry_poolview, first_bread, minmay_goblin_outpost
D:5:      lemuel_crystal_altar, lemuel_round_altar, serial_shops, shop,
          st_stairs_9, uniq_crazy_yiuf_cottage, uniq_pikel, uniq_blork_the_orc
D:6:      kennysheep_windowed_halls, basic_altar
D:7:      lemuel_zombie_altar_yredelemnul, minmay_misc_feat_room, uniq_duvessa
D:8:      lemuel_doored_altar, nicolae_overflow_hidden_temple, uniq_psyche,
          uniq_maurice
D:9:      grunt_dithmenos_smoke, orc_0_dummy, blue_anna_alchemist,
          johnstein_pakellas_shop
D:10:     minmay_lair_entry_lava
D:11:     hangedman_abyss_or_decor_clamps
D:12:     lab_entry_generic, minmay_pinched_square, uniq_kirke
D:13:     hourglass_vault
D:14:     david_vaults_3, basic_altar
D:15:     grunt_enter_depths_magical_seal, roderic_bali_sauvastika,
          st_stairs_14, uniq_louise
Lair:1:   minivault_24, zaba_antful_of_joy, uniq_sonja
Lair:3:   dummy_snake_entry, serial_bayou_pond_b
Lair:4:   st_stairs_12
Lair:5:   infiniplex_staircase_pool
Lair:6:   minmay_shoals_entry_centaurs, nicolae_volcano_entry_lava_flow,
          lemuel_oklob_altar
Lair:8:   hangedman_lair_caniforms_friends, dpeg_slime_entry_corner,
          grunt_megastairs_3
Shoals:2: uniq_frances
Shoals:4: shoals_end_grunt_ice, shoal_ilsuiw, uniq_polyphemus
Snake:1:  lemuel_fruit_tree
Snake:2:  kennysheep_six_static_rooms, serial_shops, shop_fountains
Snake:3:  portal_ice_cave_demonic_guard, basic_altar, uniq_aizul
Snake:4:  snake_pit
Orc:1:    mines2_lemuel, uniq_erica, uniq_snorg
Orc:2:    st_orc_rangers, serial_shops, nicolae_shop_window_shopping,
          abandoned_shop, uniq_azrael
Vaults:1: v_pattern_3, hangedman_vaults_stitches,
          nicolae_vaults_fighting_squares,
          vaults_standard_mumra_enter_the_diamond, v_misc_16,
          hangedman_vaults_hat, hangedman_vaults_trim,
          ontoclasm_vaults_ligature, nicolae_vaults_gold_heap,
          vaults_room_hallway, serial_shops, bzr_entry_lakeside, uniq_donald
Vaults:2: st_squares, v_alt_pattern_1, nicolae_vaults_border_crossing,
          v_misc_18, ontoclasm_vaults_misaligned, ontoclasm_vaults_ring_small,
          v_misc_29, vaults_room_grid, ontoclasm_vaults_chip,
          vaults_room_semicircle
Vaults:3: dpeg_vaults_monster_row, v_misc_17, minmay_crypt_entry_vampire_xt,
          ontoclasm_vaults_pinch, ontoclasm_vaults_fault,
          vaults_standard_mumra_x, ontoclasm_vaults_twist, v_misc_25,
          ontoclasm_vaults_gateway, ontoclasm_vaults_shout,
          vaults_dpeg_diagonal, nicolae_vaults_three_branches, uniq_nikola,
          uniq_mara
Vaults:4: vaults_mumra_chevron, nicolae_vaults_ninety_degrees,
          hangedman_vaults_snaps, v_alt_pattern_2, v_misc_9, st_cells,
          hangedman_vaults_stream, v_misc_10, nicolae_vaults_rhombus_5,
          vaults_dpeg_encased_lava, vaults_dpeg_cross, serial_shops, shop
Vaults:5: serial_shops
Lab:      labyrinth_watery, nicolae_lab_statue
Bazaar:   bazaar_minmay_cross
IceCv:    ice_cave_caverns_03
Volcano:  volcano_aerie

Skill      XL: |  1  2  3  4  5  6  7  8  9 10 11 12 13 14 15 16 17 18 19 20 |
---------------+-------------------------------------------------------------+-----
Dodging        | 2 3 4 5 6 7 8 9 10 | 10.0
Fighting       | 3 4 5 6 7 8 9 10 11 | 11.6
Unarmed Combat | 4 5 6 7 8 10 11 12 13 14 15 16 17 | 17.1
Throwing       | 3 4 6 7 8 9 10 | 10.0
Earth Magic    | 3 5 7 8 9 10 12 | 12.4
Transmutations | 2 4 6 7 8 9 10 | 10.8
Evocations     | 2 3 5 |  5.1
Shields        | 2 5 9 13 15 | 15.6
Translocations | 2 5 |  5.1
Spellcasting   | 2 |  2.5

Action                   |  1- 3 |  4- 6 |  7- 9 | 10-12 | 13-15 | 16-18 | 19-21 || total
-------------------------+-------+-------+-------+-------+-------+-------+-------++-------
Melee: Unarmed           |    66 |   193 |   209 |   640 |  1147 |  1233 |   899 ||  4387
       Scimitar          |       |       |       |     3 |    11 |       |       ||    14
Throw: Throwing net      |       |     1 |       |     4 |       |       |       ||     5
       Large rock        |       |       |       |    15 |     1 |     6 |     4 ||    26
 Cast: Statue Form       |       |       |       |       |       |       |     1 ||     1
 Abil: Evoke Blink       |       |       |       |       |       |     2 |       ||     2
Evoke: Wand              |       |       |       |     4 |       |     3 |     4 ||    11
       Box of beasts     |       |       |       |     1 |       |     2 |       ||     3
       Rod               |       |       |       |       |     1 |       |       ||     1
       Phial of floods   |       |       |       |       |       |     1 |       ||     1
  Use: Potion            |       |     1 |     1 |     3 |     2 |     2 |     3 ||    12
       Scroll            |       |     1 |     8 |    15 |    13 |    14 |     5 ||    56
 Stab: Paralysed         |       |     3 |       |       |     1 |       |       ||     4
       Distracted        |       |       |     1 |     3 |     4 |     3 |     4 ||    15
       Sleeping          |       |       |     2 |     1 |     5 |    12 |     6 ||    26
       Confused          |       |       |     1 |       |     1 |    14 |     1 ||    17
       Petrifying        |       |       |       |     1 |     3 |       |       ||     4
       Petrified         |       |       |       |       |     1 |     1 |       ||     2
  Eat: Chunk             |     7 |    26 |    19 |    59 |    89 |    87 |    54 ||   341
       Pizza             |       |       |       |       |     2 |       |       ||     2
       Royal jelly       |       |       |       |       |       |     1 |       ||     1
       Beef jerky        |       |       |       |       |       |     6 |     2 ||     8
